[Event "Polish Youth 1st League 2022"]
[Site "Lublin"]
[Date "2022.07.02"]
[Round "8.26"]
[White "Kubik, Rafal"]
[Black "Kozlowski, Franciszek"]
[Result "1-0"]
[ECO "A01"]
[WhiteElo "1827"]
[BlackElo "1607"]
[Annotator "NA RC"]
[PlyCount "71"]
[EventDate "2022.06.24"]
[EventType "team-tourn"]
[EventCountry "POL"]
[SourceTitle "playchess.com"]
[Source "ChessBase"]
[SourceQuality "1"]
[TimeControl "40/5400+30:1800+30"]

1. b3 d5 2. Bb2 c5 3. e3 Nc6 4. Bb5 Bd7 5. c4 a6 6. Bxc6 Bxc6 7. Nf3 e6 8. Ne5 Qc7 9. O-O O-O-O 10. d4 f6 11. Nxc6 Qxc6 12. Nd2 Kb8 13. cxd5 Qxd5 14. e4 Qd7 15. Nf3 Nh6 16. Qe2 cxd4 17. Bxd4 e5 18. Bb6 Rc8 19. a4 Bc5 20. Ba5 Qe6 21. Rab1 Ka8 22. Rfd1 Ng4 23. Be1 Rhd8 24. h3 Nh6 25. b4 Rxd1 26. Qxd1 Bb6 27. b5 a5 28. Nd2 Bd8 29. b6 Bxb6 30. Nb3 Nf7 31. Nxa5 Rc5 32. Nxb7 Kxb7 33. a5 Rc6 34. Qa4 Qd6 35. axb6 Rxb6 36. Ra1 1-0

[Event "Polish Youth 1st League 2022"]
[Site "Lublin"]
[Date "2022.07.02"]
[Round "8.27"]
[White "Duda, Szymon"]
[Black "Karwot, Marek"]
[Result "1/2-1/2"]
[ECO "E68"]
[WhiteElo "1707"]
[BlackElo "1454"]
[Annotator "NA RC"]
[PlyCount "93"]
[EventDate "2022.06.24"]
[EventType "team-tourn"]
[EventCountry "POL"]
[SourceTitle "playchess.com"]
[Source "ChessBase"]
[SourceQuality "1"]
[TimeControl "40/5400+30:1800+30"]

1. d4 Nf6 2. Nf3 g6 3. g3 Bg7 4. Bg2 O-O 5. O-O d6 6. c4 Nbd7 7. Nc3 e5 8. e4 a6 9. Qc2 Re8 10. d5 a5 11. h3 Nc5 12. Be3 Nfd7 13. b3 Rf8 14. a3 f5 15. Ne1 f4 16. Bd2 fxg3 17. fxg3 Rxf1+ 18. Kxf1 Qf8+ 19. Kg1 Bh6 20. Rb1 Bxd2 21. Qxd2 Nf6 22. b4 axb4 23. axb4 Ncd7 24. Nd3 b6 25. Qc1 Ba6 26. b5 Bb7 27. Ra1 Kg7 28. Qb2 h6 29. Rxa8 Qxa8 30. Qa2 Qxa2 31. Nxa2 Nf8 32. Nab4 N8h7 33. Kf2 Kf7 34. Na6 Ne8 35. h4 Ke7 36. Bh3 Nf8 37. Kf3 Kd8 38. Nab4 Ng7 39. Nf2 h5 40. Nbd3 Nh7 41. Ke3 Bc8 42. Bxc8 Kxc8 43. Kf3 Kd7 44. Nh3 Ke7 45. Ndf2 Kf6 46. Nd3 Ke7 47. Ndf2 1/2-1/2

[Event "Polish Youth 1st League 2022"]
[Site "Lublin"]
[Date "2022.07.02"]
[Round "8.28"]
[White "Niesporek, Franciszek"]
[Black "Wajda, Krzysztof"]
[Result "1-0"]
[ECO "C50"]
[WhiteElo "1332"]
[BlackElo "1494"]
[Annotator "NA RC"]
[PlyCount "103"]
[EventDate "2022.06.24"]
[EventType "team-tourn"]
[EventCountry "POL"]
[SourceTitle "playchess.com"]
[Source "ChessBase"]
[SourceQuality "1"]
[TimeControl "40/5400+30:1800+30"]

1. e4 e5 2. Nf3 Nc6 3. Bc4 Bc5 4. O-O d6 5. c3 Nf6 6. d3 h6 7. Bb3 O-O 8. h3 Re8 9. Re1 Bb6 10. a4 Be6 11. Nbd2 Bxb3 12. Qxb3 Nh5 13. Nf1 Qf6 14. Qd1 g5 15. Be3 Nf4 16. Ng3 Qg6 17. Nh2 a5 18. Bxb6 cxb6 19. Qf3 Ne7 20. Rad1 f5 21. d4 h5 22. dxe5 dxe5 23. exf5 Nxf5 24. Nxf5 Qxf5 25. Qe4 Qf6 26. Nf1 Rf8 27. Rd2 Rae8 28. Ne3 Rd8 29. Red1 Rxd2 30. Rxd2 Rf7 31. Nc4 Re7 32. Rd6 Re6 33. Rxe6 Qxe6 34. Nxe5 Qd5 35. Qxd5+ Nxd5 36. Kf1 Kg7 37. Ke2 Kf6 38. Nc4 Ke6 39. g3 g4 40. hxg4 hxg4 41. Kd3 Nc7 42. Nxb6 Na6 43. Kd4 Nb8 44. Nc4 Nc6+ 45. Ke4 Kf6 46. Kf4 Ke6 47. Ke4 Kf6 48. Ne3 Ne5 49. b4 axb4 50. cxb4 Ke6 51. b5 Kd6 52. a5 1-0

[Event "Polish Youth 1st League 2022"]
[Site "Lublin"]
[Date "2022.07.02"]
[Round "8.29"]
[White "Czarnecka, Lidia"]
[Black "Bugaj, Hanna"]
[Result "1-0"]
[ECO "C11"]
[WhiteElo "1940"]
[BlackElo "1779"]
[Annotator "RC"]
[PlyCount "113"]
[EventDate "2022.06.24"]
[EventType "team-tourn"]
[EventCountry "POL"]
[SourceTitle "playchess.com"]
[Source "ChessBase"]
[SourceQuality "1"]
[TimeControl "40/5400+30:1800+30"]

1. e4 e6 2. d4 d5 3. Nc3 Nf6 4. Bg5 dxe4 5. Nxe4 Be7 6. Bxf6 gxf6 7. Nf3 f5 8. Nc3 a6 9. Qd2 b5 10. O-O-O Bb7 11. Qf4 Qd6 12. Qe3 Nd7 13. Bd3 O-O-O 14. Rhe1 Bf6 15. Ne5 Bxe5 16. dxe5 Qb6 17. g3 Qxe3+ 18. Rxe3 Nc5 19. b4 Nxd3+ 20. Rexd3 Rxd3 21. Rxd3 Rg8 22. Rd4 Bf3 23. Kd2 Bc6 24. Rh4 Rg7 25. Ke3 Kb7 26. Kd4 Kb6 27. Ne2 Bf3 28. Nf4 Kc6 29. h3 Bd1 30. c3 Bf3 31. Rh6 Bd1 32. Nd5 Bc2 33. Nf6 f4 34. gxf4 Bf5 35. Ke3 Bb1 36. a3 Bf5 37. h4 Bb1 38. Rh5 Bf5 39. Rg5 Rxg5 40. fxg5 Bc2 41. Kd4 Kb6 42. Ng8 Bg6 43. Ne7 Bh5 44. Ke4 Bd1 45. Kf4 a5 46. f3 axb4 47. axb4 Kb7 48. h5 Bc2 49. g6 fxg6 50. h6 c6 51. Kg5 Kc7 52. Kf6 Kd7 53. f4 Be4 54. Kf7 Bd3 55. Ng8 Kd8 56. Nf6 g5 57. fxg5 1-0

[Event "Polish Youth 1st League 2022"]
[Site "Lublin"]
[Date "2022.07.02"]
[Round "8.30"]
[White "Sprzeczka, Emilia"]
[Black "Slusarczyk, Anna"]
[Result "1-0"]
[ECO "B22"]
[WhiteElo "1692"]
[BlackElo "1544"]
[Annotator "NA RC"]
[PlyCount "71"]
[EventDate "2022.06.24"]
[EventType "team-tourn"]
[EventCountry "POL"]
[SourceTitle "playchess.com"]
[Source "ChessBase"]
[SourceQuality "1"]
[TimeControl "40/5400+30:1800+30"]

1. e4 c5 2. c3 Nf6 3. e5 Nd5 4. Nf3 Nc6 5. Bc4 Nb6 6. Bb3 e6 7. d4 cxd4 8. cxd4 d6 9. O-O Be7 10. Qe2 O-O 11. Nc3 a6 12. a3 Nd7 13. Bc2 Qc7 14. Re1 Rd8 15. Ng5 Nf8 16. Qe4 dxe5 17. dxe5 Ng6 18. Nf3 b5 19. Bg5 Bb7 20. Bxe7 Ncxe7 21. Qg4 h6 22. Be4 Rac8 23. Bxb7 Qxb7 24. Rad1 Nd5 25. Ne4 Rc2 26. Nd4 Rxb2 27. Nxe6 fxe6 28. Qxg6 Qf7 29. Qg3 Rf8 30. f3 Qa7+ 31. Kh1 Ne3 32. Nf6+ Kh8 33. Rd7 Qxd7 34. Nxd7 Nxg2 35. Nxf8 Nxe1 36. Qxe1 1-0

[Event "Polish Youth 1st League 2022"]
[Site "Lublin"]
[Date "2022.07.03"]
[Round "9.1"]
[White "Panek, Bartosz"]
[Black "Madej, Marek"]
[Result "1-0"]
[ECO "B47"]
[WhiteElo "2022"]
[BlackElo "1978"]
[Annotator "NA RC"]
[PlyCount "69"]
[EventDate "2022.06.24"]
[EventType "team-tourn"]
[EventCountry "POL"]
[SourceTitle "playchess.com"]
[Source "ChessBase"]
[SourceQuality "1"]
[TimeControl "40/5400+30:1800+30"]

1. e4 c5 2. Nf3 e6 3. d4 cxd4 4. Nxd4 Nc6 5. Nc3 Qc7 6. Qd3 a6 7. Nxc6 bxc6 8. Qg3 Qxg3 9. hxg3 Rb8 10. b3 Nf6 11. e5 Ng4 12. f4 f6 13. Be2 $14 Bb4 14. Bd2 Ne3 15. Rc1 fxe5 16. fxe5 ({Much worse is} 16. Bxe3 Bxc3+ 17. Bd2 Bxd2+ 18. Kxd2 exf4 $15) ({Much weaker is} 16. Kf2 Nd5 17. Nxd5 Bxd2 $17) 16... O-O 17. Ne4 Rf5 (17... c5 $16 {was worth a try.}) 18. c3 Nxg2+ 19. Kd1 Ba3 20. Bf1 Bxc1 21. Bxc1 Rxe5 22. Bxg2 Ra5 23. Nd6 Rxa2 24. Be4 g6 25. Rf1 a5 26. Rf7 Ra1 27. Kc2 Ra2+ 28. Kd3 Ba6+ 29. Kd4 e5+ 30. Kxe5 Re8+ 31. Kd4 Re2 32. Rxd7 c5+ 33. Kd5 R8xe4 34. Nxe4 Bd3 35. Nf6+ 1-0

[Event "Polish Youth 1st League 2022"]
[Site "Lublin"]
[Date "2022.07.03"]
[Round "9.2"]
[White "Nowak, Filip"]
[Black "Kubik, Rafal"]
[Result "1-0"]
[ECO "B76"]
[WhiteElo "1819"]
[BlackElo "1827"]
[Annotator "NA RC"]
[PlyCount "65"]
[EventDate "2022.06.24"]
[EventType "team-tourn"]
[EventCountry "POL"]
[SourceTitle "playchess.com"]
[Source "ChessBase"]
[SourceQuality "1"]
[TimeControl "40/5400+30:1800+30"]

1. e4 c5 2. Nf3 d6 3. d4 cxd4 4. Nxd4 Nf6 5. Nc3 g6 6. Be3 Bg7 7. f3 O-O 8. Qd2 Nc6 9. O-O-O d5 10. exd5 Nxd5 11. Nxc6 bxc6 12. Bd4 e5 13. Bc5 Re8 14. Bc4 Be6 15. Ne4 Qc7 16. h4 Red8 17. Qf2 Bh6+ 18. Kb1 Nc3+ 19. Nxc3 Bxc4 20. h5 g5 21. Ne4 f5 22. Nd6 Bd5 23. Nxf5 Bxa2+ 24. Ka1 Bf8 25. Qe3 Bxc5 26. Qxg5+ Kf8 27. Kxa2 Rab8 28. Qh6+ Kg8 29. Qe6+ Kf8 30. Rxd8+ Rxd8 31. Kb1 Bd4 32. Qf6+ Ke8 33. Ng7+ 1-0

[Event "Polish Youth 1st League 2022"]
[Site "Lublin"]
[Date "2022.07.03"]
[Round "9.3"]
[White "Karwot, Marek"]
[Black "Grot, Blazej"]
[Result "1/2-1/2"]
[ECO "B22"]
[WhiteElo "1454"]
[BlackElo "1819"]
[Annotator "NA RC"]
[PlyCount "74"]
[EventDate "2022.06.24"]
[EventType "team-tourn"]
[EventCountry "POL"]
[SourceTitle "playchess.com"]
[Source "ChessBase"]
[SourceQuality "1"]
[TimeControl "40/5400+30:1800+30"]

1. e4 c5 2. c3 Nf6 3. e5 Nd5 4. Nf3 e6 5. d4 cxd4 6. cxd4 Nc6 7. Bc4 d6 8. O-O Be7 9. Qe2 Na5 10. Bd3 Nb4 11. Be4 d5 12. Bd3 Nxd3 13. Qxd3 Bd7 14. b3 Qb6 15. Rd1 Nc6 16. Bg5 Bxg5 17. Nxg5 h6 18. Nf3 O-O 19. Nc3 Ne7 20. Rdc1 Rac8 21. Nd1 Rc6 22. Rc3 Rxc3 23. Nxc3 Rc8 24. Rc1 Qa5 25. Qd2 Nc6 26. Ne2 Qa3 27. h3 a5 28. Ne1 Qb4 29. Qxb4 Nxb4 30. Rxc8+ Bxc8 31. a4 b6 32. Nc3 Ba6 33. f4 Nc6 34. Nf3 Bd3 35. Ne1 Ba6 36. Nf3 Nb4 37. Ne1 Nc6 1/2-1/2

[Event "Polish Youth 1st League 2022"]
[Site "Lublin"]
[Date "2022.07.03"]
[Round "9.4"]
[White "Rozanski, Mateusz"]
[Black "Niesporek, Franciszek"]
[Result "1-0"]
[ECO "B72"]
[WhiteElo "1720"]
[BlackElo "1332"]
[Annotator "NA RC"]
[PlyCount "67"]
[EventDate "2022.06.24"]
[EventType "team-tourn"]
[EventCountry "POL"]
[SourceTitle "playchess.com"]
[Source "ChessBase"]
[SourceQuality "1"]
[TimeControl "40/5400+30:1800+30"]

1. e4 c5 2. Nf3 d6 3. d4 cxd4 4. Nxd4 Nf6 5. Nc3 g6 6. Be3 Bg7 7. Be2 Nc6 8. Qd2 O-O 9. f3 Nxd4 10. Bxd4 Be6 11. O-O-O Qa5 12. a3 Rfc8 13. Kb1 Qd8 14. g4 a6 15. h4 Bc4 16. g5 Nh5 17. Bxg7 Nxg7 18. f4 Bxe2 19. Nxe2 Nh5 20. f5 Qc7 21. Rhf1 Qc4 22. Nc3 Re8 23. Qf2 Rf8 24. Nd5 Rae8 25. Rd4 Qc5 26. b4 Qc8 27. f6 exf6 28. Nxf6+ Nxf6 29. gxf6 Qg4 30. Rg1 Qh5 31. Rg5 Qh6 32. Qf4 Re5 33. Rd5 Rfe8 34. Rgxe5 1-0

[Event "Polish Youth 1st League 2022"]
[Site "Lublin"]
[Date "2022.07.03"]
[Round "9.5"]
[White "Bugaj, Hanna"]
[Black "Krzyzosiak, Marta"]
[Result "1/2-1/2"]
[ECO "A01"]
[WhiteElo "1779"]
[BlackElo "1666"]
[Annotator "NA RC"]
[PlyCount "115"]
[EventDate "2022.06.24"]
[EventType "team-tourn"]
[EventCountry "POL"]
[SourceTitle "playchess.com"]
[Source "ChessBase"]
[SourceQuality "1"]
[TimeControl "40/5400+30:1800+30"]

1. b3 Nf6 2. Bb2 g6 3. Nf3 Bg7 4. g3 O-O 5. Bg2 d6 6. d4 Nbd7 7. O-O c6 8. c4 Qc7 9. Qc2 e5 10. dxe5 Nxe5 11. Nxe5 dxe5 12. e4 Re8 13. c5 b6 14. Nd2 Ba6 15. Rfd1 Nd7 16. cxb6 axb6 17. a4 c5 18. Nc4 Bxc4 19. Qxc4 Nf8 20. Bh3 Ne6 21. Bxe6 Rxe6 22. Qd5 Ree8 23. Qd7 Qxd7 24. Rxd7 Red8 25. Rad1 Rxd7 26. Rxd7 Rb8 27. Kf1 f6 28. Ba3 Bf8 29. Rd3 b5 30. axb5 Rxb5 31. Rc3 Ra5 32. Bc1 Kf7 33. Be3 Ke6 34. Ke2 Rb5 35. Kd3 Be7 36. Kc2 Bd6 37. Rc4 Ra5 38. Kc3 Rb5 39. Ra4 Be7 40. Kc4 Rb6 41. f3 h5 42. Ra5 Rb4+ 43. Kc3 f5 44. exf5+ gxf5 45. Bxc5 Bxc5 46. Rxc5 Rb6 47. b4 Kd6 48. f4 exf4 49. gxf4 Ke6 50. b5 Rb8 51. Kc4 Ra8 52. Rc6+ Kd7 53. Rh6 Ra4+ 54. Kc5 Rxf4 55. Rxh5 Rf1 56. Kb6 f4 57. Rf5 Ke6 58. Rh5 1/2-1/2

[Event "Polish Youth 1st League 2022"]
[Site "Lublin"]
[Date "2022.07.03"]
[Round "9.6"]
[White "Wieczorek, Maja"]
[Black "Sprzeczka, Emilia"]
[Result "0-1"]
[ECO "A04"]
[WhiteElo "1316"]
[BlackElo "1692"]
[Annotator "NA RC"]
[PlyCount "108"]
[EventDate "2022.06.24"]
[EventType "team-tourn"]
[EventCountry "POL"]
[SourceTitle "playchess.com"]
[Source "ChessBase"]
[SourceQuality "1"]
[TimeControl "40/5400+30:1800+30"]

1. Nf3 b6 2. g3 Bb7 3. Bg2 e6 4. O-O d5 5. d3 Nf6 6. a4 a5 7. Na3 Be7 8. Nd2 c5 9. e4 Bc6 10. b3 Nbd7 11. f4 dxe4 12. dxe4 h5 13. h3 Qc7 14. Bb2 Qb7 15. Qe2 Qa6 16. Qe1 O-O-O 17. Nac4 Rdf8 18. Ne5 Nxe5 19. Bxe5 Qb7 20. Rd1 Rd8 21. Qe2 Rhg8 22. Nc4 Nxe4 23. Bxe4 Bxe4 24. Nxb6+ Qxb6 25. Qxe4 Qb7 26. Qc4 Qc6 27. b4 axb4 28. a5 Kb7 29. Ra1 Rd2 30. Rf2 Rgd8 31. Raf1 Rxf2 32. Rxf2 f6 33. Bb2 Rd1+ 34. Rf1 Rxf1+ 35. Qxf1 c4 36. Bd4 Qd5 37. Bf2 Bc5 38. Bxc5 Qxc5+ 39. Kh2 Ka6 40. Qg2 Qd5 41. Qf2 Qxa5 42. Qe2 Qd5 43. Qe1 c3 44. Qa1+ Kb5 45. Qf1+ Kc5 46. Qa6 Qd2+ 47. Kg1 Qd1+ 48. Kg2 Qxc2+ 49. Kf3 Qd1+ 50. Kg2 c2 51. Qc8+ Kd4 52. Qd7+ Kc3 53. Qc6+ Kb2 54. Qc4 c1=Q 0-1

[Event "Polish Youth 1st League 2022"]
[Site "Lublin"]
[Date "2022.07.03"]
[Round "9.7"]
[White "Wieczorek, Mikolaj"]
[Black "Szlosarczyk, Hubert"]
[Result "1-0"]
[ECO "C02"]
[WhiteElo "1942"]
[BlackElo "1650"]
[Annotator "NA RC"]
[PlyCount "53"]
[EventDate "2022.06.24"]
[EventType "team-tourn"]
[EventCountry "POL"]
[SourceTitle "playchess.com"]
[Source "ChessBase"]
[SourceQuality "1"]
[TimeControl "40/5400+30:1800+30"]

1. e4 e6 2. d4 d5 3. e5 c5 4. c3 Nc6 5. Nf3 Bd7 6. Bd3 Qc7 7. O-O f6 8. Re1 fxe5 9. Nxe5 Nxe5 10. Bf4 Nf6 11. Bxe5 Bd6 12. Bxf6 gxf6 13. Qh5+ Ke7 14. Qxd5 Bxh2+ 15. Kf1 c4 16. Bc2 $16 ({Of course not} 16. Bxc4 $6 {[#]} Be5 $1 17. Qc5+ Qxc5 18. dxc5 Rhc8 $11) 16... Be5 17. Qf3 Bd6 18. Nd2 Raf8 19. b3 b5 20. bxc4 bxc4 21. Rab1 Rb8 22. Ne4 Rhf8 23. Rxb8 Qxb8 24. Rb1 Qc7 25. Qh5 Rf7 26. Rb7 Qc8 27. Qxf7+ 1-0

[Event "Polish Youth 1st League 2022"]
[Site "Lublin"]
[Date "2022.07.03"]
[Round "9.8"]
[White "Kozlowski, Franciszek"]
[Black "Halhoul, Adam"]
[Result "1/2-1/2"]
[ECO "D71"]
[WhiteElo "1607"]
[BlackElo "1675"]
[Annotator "NA RC"]
[PlyCount "83"]
[EventDate "2022.06.24"]
[EventType "team-tourn"]
[EventCountry "POL"]
[SourceTitle "playchess.com"]
[Source "ChessBase"]
[SourceQuality "1"]
[TimeControl "40/5400+30:1800+30"]

1. d4 Nf6 2. c4 g6 3. g3 Bg7 4. Bg2 O-O 5. Nf3 c5 6. e3 cxd4 7. exd4 d5 8. cxd5 Nxd5 9. O-O Nc6 10. Nc3 Bg4 11. h3 Bxf3 12. Bxf3 Nc7 13. d5 Nd4 14. Bg2 Rc8 15. Be3 Ndb5 16. Qd3 Nxc3 17. bxc3 Na6 18. Rfc1 Nc5 19. Qc4 b6 20. Rab1 Qd7 21. Bd4 Ne4 22. Qd3 Bxd4 23. Bxe4 Bc5 24. Bg2 Qa4 25. Qc2 Qc4 26. Qb3 Qe2 27. Rf1 Bd6 28. Rfe1 Qc4 29. Rec1 Qc5 30. Qb5 Qa3 31. Qb3 Qc5 32. Qb5 Qa3 33. Qb3 Qa5 34. a4 Qc5 35. c4 Qc7 36. Rc2 Bc5 37. Kh1 a5 38. Re1 Bb4 39. Re4 Qd6 40. Qe3 Qf6 41. Qd4 Qxd4 42. Rxd4 1/2-1/2

[Event "Polish Youth 1st League 2022"]
[Site "Lublin"]
[Date "2022.07.03"]
[Round "9.9"]
[White "Nagly, Wojciech"]
[Black "Duda, Szymon"]
[Result "1/2-1/2"]
[ECO "A48"]
[WhiteElo "1464"]
[BlackElo "1707"]
[Annotator "NA RC"]
[PlyCount "78"]
[EventDate "2022.06.24"]
[EventType "team-tourn"]
[EventCountry "POL"]
[SourceTitle "playchess.com"]
[Source "ChessBase"]
[SourceQuality "1"]
[TimeControl "40/5400+30:1800+30"]

1. d4 Nf6 2. Nf3 g6 3. e3 Bg7 4. Be2 O-O 5. O-O d6 6. c4 Nbd7 7. Nc3 e5 8. Qc2 c6 9. b4 Re8 10. a4 Qe7 11. b5 e4 12. Nd2 Nf8 13. Ba3 Bf5 14. Rab1 h5 15. a5 c5 16. dxc5 dxc5 17. Rfd1 N8d7 18. Nb3 b6 19. Nd4 Ng4 20. Nxf5 gxf5 21. Nd5 Qh4 22. Bxg4 hxg4 23. g3 Qh6 24. Nc7 Ne5 25. Nxe8 Rxe8 26. Bb2 Nf3+ 27. Kf1 Qh3+ 28. Ke2 Bxb2 29. Qxb2 Qg2 30. Qf6 Nd4+ 31. exd4 Qf3+ 32. Kd2 e3+ 33. fxe3 Qxe3+ 34. Kc2 Qe2+ 35. Rd2 Qxc4+ 36. Kd1 Qf1+ 37. Kc2 Qc4+ 38. Kd1 Qf1+ 39. Kc2 Qc4+ 1/2-1/2

[Event "Polish Youth 1st League 2022"]
[Site "Lublin"]
[Date "2022.07.03"]
[Round "9.10"]
[White "Wajda, Krzysztof"]
[Black "Gibala, Adam"]
[Result "1/2-1/2"]
[ECO "A53"]
[WhiteElo "1494"]
[BlackElo "1516"]
[Annotator "NA RC"]
[PlyCount "96"]
[EventDate "2022.06.24"]
[EventType "team-tourn"]
[EventCountry "POL"]
[SourceTitle "playchess.com"]
[Source "ChessBase"]
[SourceQuality "1"]
[TimeControl "40/5400+30:1800+30"]

1. d4 Nf6 2. c4 d6 3. Nf3 Nbd7 4. e3 e5 5. Nc3 Be7 6. Be2 O-O 7. O-O c6 8. dxe5 dxe5 9. b3 Qc7 10. Bb2 a5 11. Qc2 Re8 12. Rfd1 Nc5 13. e4 Bg4 14. a3 Bxf3 15. Bxf3 Qb6 16. Na4 Nxa4 17. bxa4 Bc5 18. Rd3 Qc7 19. Rad1 h6 20. Qb3 b6 21. Bc3 Qe7 22. Bb2 Qe6 23. Qc2 Kh7 24. Bc1 Rac8 25. Be3 Bxe3 26. Rxe3 Rc7 27. Red3 Nd7 28. Rd6 Qe7 29. Bg4 Nc5 30. Qe2 g6 31. Qf3 Kg7 32. g3 Rh8 33. h4 h5 34. Bh3 Rf8 35. Qe3 Nxa4 36. Qb3 b5 37. cxb5 cxb5 38. Rd7 Rxd7 39. Rxd7 Nc5 40. Rxe7 Nxb3 41. Rb7 Nd4 42. Bd7 Kf6 43. Bxb5 Rc8 44. a4 Rc1+ 45. Kg2 Rb1 46. Rb6+ Ke7 47. Rb7+ Kf6 48. Rb6+ Ke7 1/2-1/2

[Event "Polish Youth 1st League 2022"]
[Site "Lublin"]
[Date "2022.07.03"]
[Round "9.11"]
[White "Starosta, Martyna"]
[Black "Czarnecka, Lidia"]
[Result "1/2-1/2"]
[ECO "A01"]
[WhiteElo "1918"]
[BlackElo "1940"]
[Annotator "NA RC"]
[PlyCount "194"]
[EventDate "2022.06.24"]
[EventType "team-tourn"]
[EventCountry "POL"]
[SourceTitle "playchess.com"]
[Source "ChessBase"]
[SourceQuality "1"]
[TimeControl "40/5400+30:1800+30"]

1. b3 d5 2. Bb2 Nf6 3. Nf3 c5 4. e3 Nc6 5. Bb5 Qb6 6. Bxc6+ bxc6 7. O-O e6 8. Nc3 Be7 9. Ne5 O-O 10. d3 Ba6 11. Na4 Qc7 12. c4 Nd7 13. Nxd7 Qxd7 14. Ba3 Rfd8 15. Bxc5 e5 16. Qf3 e4 17. Qg3 exd3 18. Bd4 f6 19. c5 Qf5 20. Qc7 Qe6 21. Rfd1 Rdb8 22. Qa5 Bb5 23. Nb2 Bd8 24. Qc3 Bc7 25. Nxd3 h5 26. Re1 Qf5 27. Rad1 h4 28. h3 Kf7 29. Qc2 Qe4 30. Bc3 a5 31. Rd2 a4 32. b4 Re8 33. Nc1 Bc4 34. Qxe4 Rxe4 35. a3 g5 36. Ne2 Bxe2 37. Rexe2 Be5 38. Bxe5 fxe5 39. Rc2 Rd8 40. Kf1 Ke6 41. Ke1 d4 42. exd4 Rexd4 43. Rcd2 Kd5 44. Rc2 e4 45. Red2 Rd3 46. Rxd3+ exd3 47. Rc3 Re8+ 48. Kd2 Re2+ 49. Kxd3 Rxf2 50. Rc2 Rf1 51. Kc3 Rg1 52. Rd2+ Ke5 53. Rb2 Rc1+ 54. Rc2 Ra1 55. Kb2 Rd1 56. b5 Rd3 57. b6 Kd4 58. Kc1 Re3 59. Kd2 Rb3 60. Kc1 Re3 61. Kb2 Rb3+ 62. Ka2 Re3 63. Rb2 Re8 64. Rc2 Re3 65. Kb1 Re7 66. Rb2 Rb7 67. Rc2 Re7 68. Ka2 Re3 69. Kb1 Re7 70. Kc1 Re3 71. Rb2 Re8 72. b7 Rb8 73. Rb4+ Kxc5 74. Rxa4 Rxb7 75. Ra5+ Rb5 76. Rxb5+ $2 (76. Ra4 $11) 76... cxb5 ({Weaker is} 76... Kxb5 77. Kb2 Kc4 78. Kc2 $11) 77. Kb2 Kd4 78. Kb3 Ke3 79. Kb4 Kf2 80. Kxb5 Kxg2 81. a4 Kxh3 82. a5 g4 83. a6 g3 84. a7 g2 85. a8=Q g1=Q 86. Qf3+ Qg3 87. Qh1+ (87. Qf5+ $142 Kg2 88. Qe4+ Kf1 89. Qc4+ Kg1 90. Qc1+ Kg2 91. Qd2+ Qf2 92. Qd5+ Kg3 93. Qg5+ Kh2 94. Qe5+ Kh3 95. Kc4) 87... Kg4 88. Qe4+ Qf4 89. Qg2+ Kh5 90. Qe2+ Kg5 91. Qe7+ Qf6 92. Qe3+ Kg6 93. Kc4 Qf1+ 94. Kd4 h3 $11 (94... Kf5 $19 95. Qe4+ Kg5 96. Qe5+ Kg4 97. Qg7+ Kh3 98. Qd7+ Kg3 99. Qg7+ Kh2 100. Qe5+ Kg2 101. Qg5+ Kh3) 95. Qg3+ Kh5 (95... Kf5 $5 96. Ke3 Qh1 $11) 96. Ke3 Qc1+ 97. Kf2 Qd2+ 1/2-1/2

[Event "Polish Youth 1st League 2022"]
[Site "Lublin"]
[Date "2022.07.03"]
[Round "9.12"]
[White "Slusarczyk, Anna"]
[Black "Kulczycka, Zofia"]
[Result "1-0"]
[ECO "A48"]
[WhiteElo "1544"]
[BlackElo "1564"]
[Annotator "NA RC"]
[PlyCount "93"]
[EventDate "2022.06.24"]
[EventType "team-tourn"]
[EventCountry "POL"]
[SourceTitle "playchess.com"]
[Source "ChessBase"]
[SourceQuality "1"]
[TimeControl "40/5400+30:1800+30"]

1. d4 Nf6 2. Nf3 g6 3. Bf4 Bg7 4. e3 O-O 5. Be2 d6 6. h3 Nfd7 7. Bh2 e5 8. c3 Re8 9. O-O Nc6 10. a4 f5 11. Na3 Kh8 12. dxe5 Ndxe5 13. Nd4 Nxd4 14. cxd4 Nd7 15. Rc1 a6 16. Qc2 c5 17. Nc4 cxd4 18. Nxd6 Rf8 19. exd4 Bxd4 20. Rfd1 Qb6 21. Bc4 Qxb2 22. Qxb2 Bxb2 23. Rc2 Bf6 24. Nxc8 Raxc8 25. Rxd7 Rfe8 26. Kf1 b5 27. axb5 axb5 28. Bb3 Rxc2 29. Bxc2 b4 30. Rb7 Bc3 31. Rb8 Rxb8 32. Bxb8 Kg7 33. Ke2 Kf6 34. Kd3 Kg5 35. g3 Be1 36. Bf4+ Kf6 37. Be3 Ke5 38. Bd4+ Kd6 39. Bb3 h6 40. Ke2 Bc3 41. Bxc3 bxc3 42. Kd3 Ke5 43. f4+ Kf6 44. Kxc3 g5 45. Kd4 gxf4 46. gxf4 h5 47. h4 1-0

[Event "Polish Youth 1st League 2022"]
[Site "Lublin"]
[Date "2022.07.03"]
[Round "9.13"]
[White "Wojdak, Jan"]
[Black "Jedraszek, Pawel"]
[Result "0-1"]
[ECO "A05"]
[WhiteElo "2144"]
[BlackElo "1933"]
[Annotator "RC"]
[PlyCount "62"]
[EventDate "2022.06.24"]
[EventType "team-tourn"]
[EventCountry "POL"]
[SourceTitle "playchess.com"]
[Source "ChessBase"]
[SourceQuality "1"]
[TimeControl "40/5400+30:1800+30"]

1. Nf3 Nf6 2. b3 g6 3. Bb2 Bg7 4. e3 O-O 5. Be2 d6 6. d4 Nbd7 7. O-O e5 8. c4 Re8 9. Nc3 e4 10. Nd2 Nf8 11. b4 c6 12. Qb3 Bf5 13. a4 h5 14. Rfe1 N8h7 15. b5 Qd7 16. Ba3 h4 17. Rab1 Rac8 18. a5 Ng5 19. Qa4 Bg4 20. Bf1 Bf8 21. a6 bxa6 22. bxa6 Qf5 23. Ne2 Nh5 24. d5 c5 25. Rb7 Re7 26. Bc1 h3 27. g3 Bf3 28. Nf4 Nf6 29. Bb2 Ng4 30. Qb3 Rce8 31. Nxh3 Bd1 0-1

[Event "Polish Youth 1st League 2022"]
[Site "Lublin"]
[Date "2022.07.03"]
[Round "9.14"]
[White "Klaska, Szymon"]
[Black "Jendrowiak, Maciej"]
[Result "1/2-1/2"]
[ECO "D05"]
[WhiteElo "1563"]
[BlackElo "1713"]
[Annotator "NA RC"]
[PlyCount "120"]
[EventDate "2022.06.24"]
[EventType "team-tourn"]
[EventCountry "POL"]
[SourceTitle "playchess.com"]
[Source "ChessBase"]
[SourceQuality "1"]
[TimeControl "40/5400+30:1800+30"]

1. d4 d5 2. Nf3 e6 3. e3 Nf6 4. Bd3 Nbd7 5. Nbd2 c5 6. b3 b6 7. O-O Bd6 8. Bb2 Bb7 9. Qe2 O-O 10. e4 dxe4 11. Nxe4 Nxe4 12. Bxe4 Bxe4 13. Qxe4 Nf6 14. Qd3 Nd5 15. Rad1 Qf6 16. g3 Qh6 17. a3 Rad8 18. dxc5 Bxc5 19. c4 Nf4 20. Qxd8 Qh3 21. Nh4 Ne2+ 22. Kh1 Qxf1+ 23. Rxf1 Rxd8 24. Nf3 Rd3 25. b4 Bxb4 26. axb4 Rxf3 27. Rd1 h6 28. Kg2 Rb3 29. Rd2 Nc3 30. Bxc3 Rxc3 31. Rd8+ Kh7 32. Rc8 b5 33. c5 Rc4 34. Rc7 Kg6 35. Rxa7 Rxb4 36. c6 Rc4 37. Rb7 Rxc6 38. Rxb5 Rc2 39. h4 f5 40. Rb6 Kf6 41. Ra6 g5 42. hxg5+ hxg5 43. Rb6 Rd2 44. Ra6 Ke5 45. Rb6 Rd6 46. Rb5+ Ke4 47. Rb8 f4 48. gxf4 gxf4 49. Rb4+ Rd4 50. Rb5 Rd5 51. Rb4+ Kf5 52. Ra4 e5 53. Ra8 e4 54. Rf8+ Ke5 55. Re8+ Kd4 56. Rg8 Kd3 57. Rf8 e3 58. Kf3 Kd2 59. Ra8 Rd3 60. Ra2+ Ke1 1/2-1/2